 Dungeon Crawl Stone Soup version 0.22.1-2-g9c5b331 (webtiles) character file.

19 redwoodhats the Grasshopper (level 2, -3/26 HPs)
             Began as a Deep Dwarf Warper on Dec 16, 2018.
             Killed from afar by Sigmund (5 damage)
             ... with a magic dart
             ... on level 2 of the Dungeon.
             The game lasted 00:11:17 (774 turns).

redwoodhats the Grasshopper (Deep Dwarf Warper)      Turns: 774, Time: 00:11:18

Health: -3/26      AC:  5    Str: 14    XL:     2   Next: 55%
Magic:  2/4        EV: 15    Int: 13    God:
Gold:   81         SH:  0    Dex: 12    Spells: 0/4 levels left

rFire    . . .     SeeInvis .   a - +0 falchion
rCold    . . .     Gourm    .   (no shield)
rNeg     . . .     Faith    .   b - +1 leather armour
rPois    .         Spirit   .   c - +0 helmet
rElec    .         Reflect  .   (no cloak)
rCorr    .         Harm     .   (no gloves)
MR       .....                  (no boots)
Stlth    ++........             (no amulet)
HPRegen  0.00/turn              j - ring of stealth
MPRegen  0.09/turn              k - +3 ring of evasion

@: non-regenerating
A: damage resistance, heal wounds, sense surroundings 1, no regeneration
a: Heal Wounds


You were on level 2 of the Dungeon.
You were not hungry.

You visited 1 branch of the dungeon, and saw 2 of its levels.

You collected 81 gold pieces.

Inventory:

Hand Weapons
 a - a +0 falchion (weapon)
Missiles
 e - 4 tomahawks of dispersal (quivered)
Armour
 b - a +1 leather armour (worn)
 c - a +0 helmet (worn)
 d - a +0 hat
Jewellery
 g - a cursed +3 amulet of reflection {unknown}
 j - a ring of stealth (left hand)
 k - a +3 ring of evasion (right hand)
Comestibles
 f - 2 rations


   Skills:
 + Level 1.7 Fighting
 + Level 2.3 Long Blades
 + Level 0.8 Throwing
 + Level 1.1 Armour
 + Level 2.9 Dodging
 + Level 1.9 Spellcasting
 + Level 3.3 Translocations


You couldn't memorise any spells.
You knew the following spells:

 Your Spells              Type           Power        Failure   Level  Hunger
a - Blink                 Tloc           N/A          12%         2    ###....
b - Shroud of Golubria    Chrm/Tloc      #.........   24%         2    ###....

Your spell library contained the following spells:

 Spells                   Type           Power        Failure   Level  Hunger
 Gell's Gravitas          Tloc           ##........   24%         3    ####...
 Lesser Beckoning         Tloc           ##........   24%         3    ####...
 Teleport Other           Tloc           ##......     24%         3    ####...
 Passage of Golubria      Tloc           N/A          61%         4    #####..


Dungeon Overview and Level Annotations

Branches:
Dungeon (2/15)

Altars:
Cheibriados

Annotations:
D:1 1 runed door
D:2 Robin, Sigmund


Innate Abilities, Weirdness & Mutations

You are resistant to damage.
You can heal yourself by infusing magical energy.
You passively map a small area around you.
You do not regenerate.


Message History

You bump into the rock wall.
Sigmund mumbles some strange words.
Sigmund flickers and vanishes!
You see here a rat corpse.
You bump into the rock wall.
You feel less confused.
You are confused.
A puff of flame appears from out of thin air!
The puff of flame misses you.
You bump into the rock wall.
You're too confused to move!
Something hits you!
* * * LOW HITPOINT WARNING * * *
You bump into the rock wall.
You feel less confused.
Casting: Blink (safe; 12% risk of failure)
Confirm with . or Enter, or press ? or * to list all spells.
You blink.
A magic dart appears from out of thin air!
The magic dart hits you!
You die...

#.....# ** ,
#l##### #.# ,**
#.# #.#
#.##########
#....§..l..#,
######.###.#
#@# #.#, #.#
#†# #.# #.# *
#.# #l# #.# #.#
#.# #.# #.# #.#
* #######.###.#
#...........#**


There were no monsters in sight!

Vanquished Creatures
  An adder (D:2)
  2 giant cockroaches (D:1)
  3 goblins
  A ball python (D:1)
  2 frilled lizards (D:1)
  2 rats
11 creatures vanquished.

Notes
Turn   | Place    | Note
-------+----------+-------------------------------------------
     0 | D:1      | redwoodhats the Deep Dwarf Warper began the quest for the
                  | Orb.
     0 | D:1      | Reached XP level 1. HP: 19/19 MP: 3/3
     1 | D:1      | Found a runed door.
   490 | D:1      | Reached XP level 2. HP: 26/26 MP: 4/4
   494 | D:1      | Learned a level 2 spell: Blink
   497 | D:1      | Learned a level 2 spell: Shroud of Golubria
   544 | D:2      | Noticed Robin
   641 | D:2      | Found a snail-covered altar of Cheibriados.
   687 | D:2      | Noticed Sigmund
   774 | D:2      | Killed from afar by Sigmund

Action                   || total
-------------------------++-------
Melee: Falchion          ||    52
Throw: Tomahawk          ||     1
 Cast: Blink             ||     4
       Shroud of Golubri ||     1
  Use: Scroll            ||     6
       Potion            ||     6
Armor: Leather armour    ||     9
Dodge: Dodged            ||    33
       Rpst.: Falchion   ||     9
